 Dungeon Crawl Stone Soup version 0.30-a0-808-g6e0788376e (webtiles) character file.

Game seed: 8455183551761208278

48 cforsyth the Sneak (level 4, -12/27 HPs)
             Began as a Kobold Brigand on Feb 26, 2023.
             Mangled by an ogre
             ... wielding a +0 giant club
              (22 damage)
             ... on level 3 of the Dungeon.
             The game lasted 00:01:40 (1929 turns).

cforsyth the Sneak (Kobold Brigand)                 Turns: 1929, Time: 00:01:40

Health: -12/27     AC:  4    Str:  8    XL:     4   Next: 0%
Magic:  4/4        EV: 15    Int: 12    God:
Gold:   115        SH:  0    Dex: 18    Spells: 3/3 levels left

rFire   . . .      SeeInvis .    a - +2 dagger
rCold   . . .      Faith    .    (no shield)
rNeg    . . .      Spirit   .    b - +0 robe
rPois   .          Reflect  .    h - +0 helmet
rElec   .          Harm     .    c - +0 cloak
rCorr   .          Rampage  .    (no gloves)
Will    .....                    (no boots)
Stlth   ++++                     (no amulet)
HPRegen 0.24/turn                (no ring)
MPRegen 0.09/turn                (no ring)

@: no status effects
A: small, no large weapons, nightstalker 3
a: no special abilities


You were on level 3 of the Dungeon.
You visited 1 branch of the dungeon, and saw 3 of its levels.

You collected 115 gold pieces.

Inventory:

Hand Weapons
 a - a +2 dagger (weapon)
Missiles
 d - 9 poisoned darts (quivered)
 e - 3 curare-tipped darts
Armour
 b - a +0 robe (worn)
 c - a +0 cloak (worn)
 h - a +0 helmet (worn)
Scrolls
 f - 3 scrolls of identify {unknown}
 j - a scroll of noise {unknown}
Potions
 g - 2 potions of curing {unknown}
 i - a potion of might {unknown}
 k - a potion of ambrosia {unknown}


   Skills:
 + Level 2.9 Fighting
 + Level 3.4 Short Blades
 - Level 2.1 Throwing
 + Level 2.2 Dodging
 + Level 5.9 Stealth


You had 3 spell levels left.
You didn't know any spells.
Your spell library contained the following spells:

 Spells                   Type           Power      Damage    Failure   Level
 Shock                    Conj/Air       0%         1d3       32%         1
 Blink                    Tloc           0%         N/A       45%         2
 Lesser Beckoning         Tloc           0%         N/A       45%         2
 Momentum Strike          Conj/Tloc      0%         3d8       45%         2
 Dazzling Flash           Conj/Hex       0%         N/A       69%         3
 Swiftness                Air            0%         N/A       69%         3
 Airstrike                Air            0%         2d(0-16)  97%         4
 Agony                    Necr           0%         N/A       100%        5
 Silence                  Hex/Air        0%         N/A       100%        5


Dungeon Overview and Level Annotations

Branches:
Dungeon (3/15)

Altars:


Innate Abilities, Weirdness & Mutations

You are small and have problems with some larger weapons.
You are completely attuned to the shadows.


Message History

Where to? (Enter - D:2, ? - help)
There is a stone staircase leading down here.
You climb downwards.
Found 6 stones.
There is a stone staircase leading up here.
An ogre comes into view. It is wielding a +0 giant club.
An ogre is nearby!
An ogre is nearby!
An ogre is nearby!
The ogre shouts!
The ogre hits you with a +0 giant club!!
Ouch! That really hurt!
* * * LOW HITPOINT WARNING * * *
You are too injured to fight recklessly!
You are too injured to fight recklessly!
You are too injured to fight recklessly!
You are too injured to fight recklessly!
You are too injured to fight recklessly!
You are too injured to fight recklessly!
You barely miss the ogre. You barely miss the ogre. You punch the ogre.
The ogre is lightly wounded.
The ogre barely misses you.
You barely miss the ogre.
The ogre is lightly wounded.
You hit the ogre.
The ogre is lightly wounded.
The ogre closely misses you.
You hit the ogre.
The ogre is lightly wounded.
You hit the ogre.
The ogre is lightly wounded.
The ogre closely misses you.
You hit the ogre.
The ogre is moderately wounded.
You hit the ogre.
The ogre is moderately wounded.
The ogre hits you with a +0 giant club!!
Ouch! That really hurt!
You die...

..........#
..........#
..........#
..........#
...O@..<..#
.........##
........##
......###
...#(.# #..


You could see an ogre.

Vanquished Creatures
  2 worms (D:2)
  3 ball pythons
  10 endoplasms
  3 giant cockroaches
  2 goblins (D:1)
  4 hobgoblins
  2 jackals (D:2)
  2 quokkas (D:2)
  2 bats (D:1)
  2 frilled lizards (D:1)
  A kobold (D:2)
  2 rats
35 creatures vanquished.

Notes
Turn   | Place    | Note
-------+----------+-------------------------------------------
     0 | D:1      | cforsyth the Kobold Brigand began the quest for the Orb.
     0 | D:1      | Reached XP level 1. HP: 12/12 MP: 1/1
   328 | D:1      | Reached XP level 2. HP: 17/18 MP: 2/2
   440 | D:1      | Found a faded altar of an unknown god.
   793 | D:2      | Reached XP level 3. HP: 22/22 MP: 3/3
  1612 | D:2      | Reached XP level 4. HP: 27/27 MP: 4/4
  1919 | D:3      | Noticed an ogre
  1929 | D:3      | Mangled by an ogre

Illustrated notes

Levels and vault maps discovered:
D:1:      minmay_arrival_semitransparent, layout_loops_ring,
          shapermc_ecumenical_altar_notcrosses
D:2:      layout_basic, roderic_lattice_a
D:3:      layout_rooms, gammafunk_ghost_necromancy, uniq_jessica

Skill      XL: |  1  2  3 |
---------------+----------+-----
Short Blades   | 3 |  3.4
Dodging        | 2 |  2.2
Fighting       | |  2.9
Throwing       | |  2.1
Stealth        | |  5.9

Action                     |  1- 3 |  4- 6 || total
---------------------------+-------+-------++-------
  Melee: Dagger            |    63 |     8 ||    71
         Punch             |       |     1 ||     1
   Stab: Sleeping          |    24 |       ||    24
 Armour: Robe              |     9 |       ||     9
  Dodge: Dodged            |    16 |     3 ||    19

Table legend: (Time is in decaauts)
 A = Elapsed time spent in this place.
 B = Non-inter-level travel time spent in this place.
 C = Inter-level travel time spent in this place.
 D = Time resting spent in this place.
 E = Time spent auto-exploring this place.
 F = Levels seen in this place.
 G = Mean time per level.
                   A        B        C        D        E       F      G
               +--------+--------+--------+--------+--------+-----+--------+
         Total |   1917 |   1859 |     58 |      0 |   1665 |   3 |  639.0 |
       Dungeon |   1917 |   1859 |     58 |      0 |   1665 |   3 |  639.0 |
               +--------+--------+--------+--------+--------+-----+--------+

Top non-repeatable levels by time:
     D:2: 1121 daAuts
     D:1: 785 daAuts
     D:3: 9 daAuts
